cohdb
Replays
Latest Replays
All Replays
Popular Replays
Top Player Replays
Match Explorer
How It Works
Community
CoH3 Stats
Reddit
Sign in to upload your games and track your stats! →
Sign in with Steam
Match 42484029
Unlisted
Match 42484029
Overview
Messages
Build Orders
End
Kettenkrad Recon Vehicle
Construct Infanterie Kompanie
Selects Breakthrough Battlegroup
Selects Assault Grenadiers
Grenadier Squad
MG 42 Machine Gun Team
Grenadier Squad
Construct Panzergrenadier Kompanie
Medical Station
Pak 40 Anti-tank Gun Team
Panzergrenadier Squad
Panzergrenadier Officer Quarters
Construct Panzer Kompanie
Panzergrenadier Squad
Pak 40 Anti-tank Gun Team
Selects Smoke Bombing Run
Selects Incendiary Bombing Run
Incendiary Bombing Run
Panzer IV Medium Tank
Kettenkrad Recon Vehicle
Panzer IV Medium Tank
Stoßtruppen Squad
Pioneer Squad
Selects Rapid Production
Selects Blitzkrieg
Side Skirts
Panzer Officer Quarters
Selects Tiger Heavy Tank
Support Elements
Panzer IV Medium Tank
Pioneer Squad
Pak 40 Anti-tank Gun Team
Pak 40 Anti-tank Gun Team
Incendiary Bombing Run
Panzer IV Medium Tank
Nebelwerfer 42 Rocket Launcher Team
Panzer IV Medium Tank
Incendiary Bombing Run
Hk
Jarkke
Setti-Veke
Neophyte
Tamplar_kaz
Boris Britva
0
0
Comments
sign in to comment!
No comments posted yet!